 Dungeon Crawl Stone Soup version 0.27-a0-1431-gcffa5a9b16 (webtiles) character file.

Game seed: 3336251017174258070

343 Sin92 the Skirmisher (level 6, -8/48 HPs)
             Began as a Demonspawn Fighter on July 2, 2021.
             Mangled by an ogre (30 damage)
             ... on level 5 of the Dungeon.
             The game lasted 00:07:26 (4813 turns).

Sin92 the Skirmisher (Demonspawn Fighter)           Turns: 4813, Time: 00:07:26

Health: -8/48      AC:  1    Str: 17    XL:     6   Next: 31%
Magic:  6/6        EV: 10    Int:  9    God:
Gold:   182        SH: 10    Dex: 20    Spells: 5/5 levels left

rFire    . . .     SeeInvis .   a - +0 long sword
rCold    . . .     Faith    .   c - +0 kite shield
rNeg     . . .     Spirit   .   b - +0 scale mail
rPois    .         Reflect  .   (no helmet)
rElec    .         Harm     .   j - scarf {+Inv}
rCorr    .         Rampage  .   (no gloves)
Will     .....                  t - +1 pair of boots
Stlth    ..........             (no amulet)
HPRegen  0.16/turn              n - +6 ring of dexterity
MPRegen  0.10/turn              (no ring)

@: brilliant, corroded
A: repulsion field 1, spiny 2
a: Evoke Invisibility


You were on level 5 of the Dungeon.
You visited 1 branch of the dungeon, and saw 5 of its levels.
You also visited: Sewer.

You collected 182 gold pieces.

Inventory:

Hand Weapons
 a - a +0 long sword (weapon)
Armour
 b - a +0 scale mail (worn)
 c - a +0 kite shield (worn)
 j - a scarf of invisibility (worn)
 t - a +1 pair of boots (worn)
Jewellery
 n - a +6 ring of dexterity (left hand)
 q - a +6 ring of intelligence
Wands
 l - a wand of paralysis (7)
 v - a wand of flame (21)
 x - a wand of iceblast (6)
Scrolls
 g - 5 scrolls of identify
 i - a scroll of silence
 o - a scroll of teleportation
 p - a scroll of enchant weapon {unknown}
 s - a scroll of vulnerability {unknown}
 y - a scroll of enchant armour {unknown}
 z - a scroll of torment {unknown}
Potions
 d - 5 potions of might
 e - a potion of mutation {unknown}
 f - a potion of flight
 h - 5 potions of brilliance
 k - 11 potions of curing
 m - 3 potions of heal wounds {unknown}
 r - a potion of lignification {unknown}
 u - 2 potions of degeneration {unknown}
 w - a potion of attraction {unknown}
 A - 2 potions of haste {unknown}


   Skills:
 + Level 4.0 Fighting
 * Level 3.8 Long Blades
 + Level 3.4 Armour
 + Level 2.0 Dodging
 + Level 3.6 Shields


You had 5 spell levels left.
You didn't know any spells.
Your spell library contained the following spells:

 Spells                   Type           Power      Damage    Failure   Level
 Blink                    Tloc           N/A        N/A       100%        2
 Ensorcelled Hibernation  Hex/Ice        0%         N/A       100%        2
 Lesser Beckoning         Tloc           0%         N/A       100%        3
 Spider Form              Tmut/Pois      0%         N/A       100%        3
 Manifold Assault         Tloc           0%         N/A       100%        5
 Shadow Creatures         Summ           N/A        N/A       100%        6


Dungeon Overview and Level Annotations

Branches:
Dungeon (5/15)              Sewer (visited)
 Temple: D:4-7

Altars:
Fedhas
Yredelemnul
Zin

Shops:
D:3 (((=


Innate Abilities, Weirdness & Mutations

You are surrounded by a mild repulsion field. (EV +2)
You are mostly covered in sharp spines.


Message History

Your Fighting skill increases to level 4!
An ogre is nearby!
The ogre hits you with a +0 giant spiked club!
An ogre is nearby!
You are too injured to fight recklessly!
An ogre is nearby!
You are too injured to fight recklessly!
An ogre is nearby!
You are too injured to fight recklessly!
You are too injured to fight recklessly!
An ogre is nearby!
You are too injured to fight recklessly!
You are too injured to fight recklessly!
Unknown command.
It was a potion of brilliance.
You feel clever all of a sudden. You block the ogre's attack.
You hit the ogre.
The ogre is lightly wounded.
You block the ogre's attack.
Your shield prevents you from hitting the ogre.
The ogre is lightly wounded.
You block the ogre's attack.
You hit the ogre.
The ogre is moderately wounded.
You block the ogre's attack.
You hit the ogre.
The ogre is moderately wounded.
The ogre is struck by your spines. The ogre barely misses you.
Your scale mail prevents you from hitting the ogre.
The ogre is heavily wounded.
You block the ogre's attack.
You hit the ogre.
The ogre is severely wounded.
You block the ogre's attack.
You hit the ogre but do no damage.
The ogre is severely wounded.
The ogre hits you with a +0 giant spiked club!!
Ouch! That really hurt!
You die...

#....#.###.....#
...#.#.###.#.######
_...^........##
....#.#.##...####
....#.#.####....##
. ...
#...####.##..###.#
^##
#.###.............
.. ##............
## #....@...≈≈..
#....O..≈..≈.
#≈...≈≈..≈..≈≈
#≈≈..≈.=≈..≈..≈
#≈≈..≈..≈⌠.≈...
#≈≈...≈.⌠≈..≈..
#≈≈≈..≈..≈..≈..
##≈≈≈..≈..≈≈...


You could see an ogre.

Vanquished Creatures
  An ogre (D:4)
  A jelly (D:5)
  An iguana (D:4)
  An orc wizard (D:4)
  4 adders
  2 river rats (Sewer)
  A worm (D:2)
  A dart slug (D:2)
  4 orcs
  7 bats
  2 endoplasms (D:2)
  2 giant cockroaches
  7 goblins
  11 hobgoblins
  4 jackals
  20 kobolds
  13 ball pythons
  5 frilled lizards
  A jackal skeleton (D:4)
  23 rats
111 creatures vanquished.

Vanquished Creatures (others)
  An orc wizard (D:4)
  A plant (D:3)
2 creatures vanquished.

Grand Total: 113 creatures vanquished

Notes
Turn   | Place    | Note
-------+----------+-------------------------------------------
     0 | D:1      | Sin92 the Demonspawn Fighter began the quest for the Orb.
     0 | D:1      | Reached XP level 1. HP: 18/18 MP: 1/1
   326 | D:1      | Gained mutation: You are surrounded by a mild repulsion
                  | field. (EV +2) [demonic ancestry]
   326 | D:1      | Reached XP level 2. HP: 24/24 MP: 2/2
   519 | D:1      | Found a faded altar of an unknown god.
   826 | D:2      | Gained mutation: You are partially covered in sharp spines.
                  | [demonic ancestry]
   826 | D:2      | Reached XP level 3. HP: 27/29 MP: 3/3
  1499 | D:3      | Found a basalt altar of Yredelemnul.
  1515 | D:3      | Found a glowing drain.
  1539 | D:3      | Reached skill level 1 in Dodging
  1544 | D:3      | Reached XP level 4. HP: 20/35 MP: 4/4
  1554 | Sewer    | Entered a sewer
  2697 | D:3      | Found Dikovom's Antique Weapon Boutique.
  2731 | D:3      | Reached XP level 5. HP: 26/41 MP: 5/5
  3139 | D:3      | Found Mazah's Weapon Emporium.
  3140 | D:3      | Found Udanac's Jewellery Emporium.
  3189 | D:3      | Found Zycling's Weapon Shop.
  3436 | D:4      | Noticed a black bear
  4294 | D:4      | Noticed an ogre
  4311 | D:4      | Killed an ogre
  4312 | D:4      | Gained mutation: You are mostly covered in sharp spines.
                  | [demonic ancestry]
  4312 | D:4      | Reached XP level 6. HP: 21/48 MP: 6/6
  4760 | D:5      | Entered Level 5 of the Dungeon
  4774 | D:5      | Found a blossoming altar of Fedhas.
  4805 | D:5      | Reached skill level 4 in Fighting
  4813 | D:5      | Mangled by an ogre

Illustrated notes

Levels and vault maps discovered:
D:1:      minmay_arrival_arboretum_small, layout_basic,
          hellmonk_ecumenical_altar_lost_god, minmay_pentomino_s4
D:2:      layout_basic, minmay_puff
D:3:      layout_basic, lemuel_round_altar, serial_shops, shop, shop, shop,
          nicolae_shop_overgrown_old_shop, gup_sewer_entry_glass, minmay_between
D:4:      minmay_door_path, layout_loops_ring, nicolae_overflow_crystal_walls,
          minmay_curled_crystal, kennysheep_cross_room, glass_columns_c
D:5:      cheibrodos_helix_gallery, layout_loops_cross, kennysheep_mini_moat,
          lemuel_tele_altar, gammafunk_ghost_necromancy

Skill      XL: |  1  2  3  4  5  6 |
---------------+-------------------+-----
Long Blades    | 2 3 |  3.8
Shields        | 3 |  3.6
Armour         | 3 |  3.4
Dodging        | 1 2 |  2.0
Fighting       | 4 |  4.0

Action                   |  1- 3 |  4- 6 || total
-------------------------+-------+-------++-------
Melee: Long sword        |   119 |   135 ||   254
  Use: Scroll            |     5 |     1 ||     6
       Potion            |       |     1 ||     1
Armor: Scale mail        |    60 |    53 ||   113
Dodge: Dodged            |    49 |    48 ||    97
Block: Kite shield       |    62 |    78 ||   140
       Rpst.: Long sword |    23 |    16 ||    39

Table legend: (Time is in decaauts)
 A = Elapsed time spent in this place.
 B = Non-inter-level travel time spent in this place.
 C = Inter-level travel time spent in this place.
 D = Time resting spent in this place.
 E = Time spent auto-exploring this place.
 F = Levels seen in this place.
 G = Mean time per level.
                   A        B        C        D        E       F      G
               +--------+--------+--------+--------+--------+-----+--------+
         Total |   4962 |   4853 |    109 |    608 |   3256 |   6 |  827.0 |
       Dungeon |   3797 |   3688 |    109 |    205 |   2705 |   5 |  759.4 |
         Sewer |   1164 |   1164 |      0 |    403 |    551 |   1 | 1164.0 |
               +--------+--------+--------+--------+--------+-----+--------+

Top non-repeatable levels by time:
     D:4: 1324 daAuts
   Sewer: 1164 daAuts
     D:3: 874 daAuts
     D:2: 804 daAuts
     D:1: 738 daAuts
     D:5: 56 daAuts
